 Dungeon Crawl Stone Soup version 0.31-a0-460-g9e667d4245 (webtiles) character file.

Game seed: 119666944182753948

485 RepHenryClay the Cudgeller (level 7, 0/48 HPs)
             Began as a Formicid Artificer on Aug 5, 2023.
             Slain by Blork the orc
             ... wielding a +0 scimitar
              (6 damage)
             ... in the Ecumenical Temple.
             The game lasted 00:04:28 (2503 turns).

RepHenryClay the Cudgeller (Formicid Artificer)     Turns: 2503, Time: 00:04:29

Health: 0/48       AC: 10    Str: 18    XL:     7   Next: 35%
Magic:  7/7        EV:  9    Int: 11    God:
Gold:   128        SH:  0    Dex: 14    Spells: 6/6 levels left

rFire   . . .        a - +0 club
rCold   . . .        (no shield)
rNeg    . . .        h - +0 scale mail
rPois   .            (helmet unavailable)
rElec   .            (no cloak)
rCorr   .            m - +2 pair of gloves
SInv    +            s - +0 pair of boots
Will    .....        (no amulet) Stlth
                     n - +4 ring of slaying
HPRegen 0.28/turn    (no ring)
MPRegen 0.10/turn

%: no passive effects
@: no status effects
A: permanent stasis, dig shafts and tunnels, antennae 3, four strong arms
a: Dig


You were in the Ecumenical Temple.
You visited 2 branches of the dungeon, and saw 5 of its levels.

You collected 128 gold pieces.

Inventory:

Hand Weapons
 a - a +0 club (weapon)
Armour
 h - a +0 scale mail (worn)
 m - a +2 pair of gloves (worn)
 s - a +0 pair of boots (worn)
Jewellery
 n - a +4 ring of slaying (left hand)
 o - a ring of willpower
Wands
 c - a wand of flame (13) (quivered)
 d - a wand of charming (23)
 e - a wand of iceblast (5)
Scrolls
 f - a scroll of torment {unknown}
 g - 2 scrolls of immolation {unknown}
 i - a scroll of vulnerability {unknown}
 j - a scroll of butterflies {unknown}
 k - a scroll of revelation {unknown}
 l - 2 scrolls of teleportation {unknown}
 p - 2 scrolls of fog {unknown}
 q - a scroll of amnesia {unknown}
 r - 3 scrolls of identify {unknown}
 v - a scroll of fear {unknown}
Potions
 b - a potion of haste


   Skills:
 - Level 1.2 Fighting
 + Level 6.9 Maces & Flails
 - Level 2.3 Armour
 - Level 1.0 Dodging
 - Level 1.5 Stealth
 - Level 3.3 Evocations


You had 6 spell levels left.
You didn't know any spells.
Your spell library contained the following spells:

 Spells                   Type           Power      Damage    Failure   Level
 Foxfire                  Conj/Fire      0%         2x1d4     75%         1
 Summon Small Mammal      Summ           0%         N/A       75%         1
 Call Canine Familiar     Summ           0%         N/A       98%         3
 Summon Guardian Golem    Hex/Summ       0%         N/A       98%         3
 Plasma Beam              Fire/Air       0%         2x1d10    100%        6
 Starburst                Conj/Fire      0%         6d3       100%        6


Dungeon Overview and Level Annotations

Branches:
Dungeon (4/15)             Temple (1/1) D:4

Altars:
Ashenzari
Dithmenos
Gozag
Kikubaaqudgha
Makhleb
Nemelex Xobeh
Qazlal
Trog
Uskayaw
Vehumet
Wu Jian
Xom
Zin
The Shining One

Annotations:
Temple Blork the orc


Innate Abilities, Weirdness & Mutations

You cannot be hasted, slowed, berserked, paralysed or teleported.
You can dig through walls and to a lower floor.
You have a pair of large antennae on your head. (SInv)
Your four strong arms can wield two-handed weapons with a shield.


Message History

You climb downwards.
Welcome to the Ecumenical Temple!
Found a sparkling altar of Nemelex Xobeh and a shimmering altar of Xom.
Found a staircase back to the Dungeon.
There is a staircase back to the Dungeon here.
You hit Blork the orc.
Blork the orc is lightly wounded.
Blork the orc barely misses you. The goblin hits you but does no damage.
You hit Blork the orc.
Blork the orc is lightly wounded.
Blork the orc closely misses you. The goblin closely misses you.
Blork the orc hits you with a +0 scimitar.
Damage: -11%(-5hp) hp: 67%(32hp)
You sock Blork the orc!
Blork the orc is heavily wounded.
Blork the orc hits you with a +0 scimitar.
The goblin barely misses you.
Damage: -4%(-2hp) hp: 63%(30hp)
You hit Blork the orc but do no damage.
Blork the orc is heavily wounded.
Blork the orc points at you and mumbles some strange words.
The puff of frost hits you. The goblin hits you but does no damage.
Blork the orc hits you with a +0 scimitar!
* * * LOW HITPOINT WARNING * * *
Huge Dmg: -38%(-18hp) hp: 25%(12hp)
You hit Blork the orc.
Blork the orc is heavily wounded.
Blork the orc gestures at you while chanting.
The puff of frost hits you.
* * * LOW HITPOINT WARNING * * *
The goblin hits you but does no damage.
Huge Dmg: -12%(-6hp) hp: 13%(6hp)
Okay, then.
Aiming: Charm
Press: ? - help, Shift-Dir - straight line, f - Blork the orc
Aim: Blork the orc, wielding a +0 scimitar and wearing a +0 robe (heavily wounded, fast, chance to affect: 57%) Blork the orc resists with significant effort.
Blork the orc closely misses you. The goblin hits you with a +0 club.
* * * LOW HITPOINT WARNING * * *
Blork the orc hits you with a +0 scimitar.
You die...

≈~~~~~~♣......_.....~..♣~.~≈≈♣
≈≈.~~...~.....§.....♣..~♣.~≈≈♣
~.♣..~~......~~..........~.~♣♣
~.♣._........~~........~...♣♣
..♣~.~.♣....~~~...§♣♣♣.._..♣♣
...~..♣♣.._.~~~....♣♣♣♣.....♣♣
.....♣.~....~~~~....♣.♣♣....~♣
..♣..♣..~~...~~~§.....§.....~♣♣
......♣♣≈≈~~..~..@o........~~~♣
~..~~♣♣♣♣≈~≈~~..§g.♣♣~._...~≈~♣
~~≈≈♣♣ ♣♣≈~≈~~~..♣♣♣♣..~~~~≈≈♣
≈≈≈≈♣ ♣♣≈≈≈~~~♣♣ ♣♣..~~≈≈≈♣
≈≈≈♣♣ ♣♣≈~~~~♣ ♣♣♣~~≈≈≈♣ ≈≈♣♣
♣≈≈≈~♣♣ ♣♣♣≈≈♣♣ ♣♣♣ ♣♣♣♣♣♣ ♣♣♣♣


You could see Blork the orc (fast) and a goblin.

Vanquished Creatures
  Grinder (D:3)
  A black bear (D:3)
  A scorpion (D:3)
  An orc priest (D:4)
  5 adders
  A worm (D:2)
  2 dart slugs
  4 orcs (D:4)
  7 endoplasms
  2 giant cockroaches
  4 goblins
  3 hobgoblins (D:2)
  7 jackals
  3 quokkas (D:3)
  6 ball pythons
  4 bats
  2 frilled lizards
  4 kobolds
  6 rats
64 creatures vanquished.

Notes
Turn   | Place    | Note
-------+----------+-------------------------------------------
     0 | D:1      | RepHenryClay the Formicid Artificer began the quest for the
                  | Orb.
     0 | D:1      | Reached XP level 1. HP: 15/15 MP: 1/1
    43 | D:1      | Reached skill level 1 in Dodging
   136 | D:1      | Reached XP level 2. HP: 20/21 MP: 2/2
   208 | D:1      | Reached skill level 1 in Maces & Flails
   535 | D:1      | Reached XP level 3. HP: 20/26 MP: 3/3
   718 | D:2      | Reached skill level 2 in Maces & Flails
   798 | D:2      | Identified the +0 cloak of Negation {rC+}
   884 | D:2      | Reached XP level 4. HP: 22/32 MP: 4/4
  1009 | D:2      | Reached skill level 3 in Maces & Flails
  1251 | D:3      | Found a faded altar of an unknown god.
  1702 | D:3      | Noticed a black bear
  1720 | D:3      | Killed a black bear
  1721 | D:3      | Reached skill level 4 in Maces & Flails
  1721 | D:3      | Reached XP level 5. HP: 26/37 MP: 5/5
  1813 | D:3      | Reached skill level 5 in Maces & Flails
  1813 | D:3      | Reached XP level 6. HP: 43/43 MP: 6/6
  1899 | D:3      | Noticed Grinder
  1917 | D:3      | Killed Grinder
  1918 | D:3      | Reached skill level 6 in Maces & Flails
  1918 | D:3      | Reached XP level 7. HP: 38/48 MP: 7/7
  2189 | D:3      | Found a burning altar of Makhleb.
  2490 | D:4      | Found a staircase to the Ecumenical Temple.
  2490 | D:4      | Noticed Blork the orc
  2497 | Temple   | Entered the Ecumenical Temple
  2503 | Temple   | Slain by Blork the orc

Illustrated notes

Levels and vault maps discovered:
D:1:      sevenhm_arrival_forest_fort_small_4, layout_rooms,
          serial_bayou_pond_d, serial_bayou_crossing
D:2:      layout_rooms
D:3:      layout_loops_ring, lightli_temple_of_fire,
          shapermc_ecumenical_altar_mp_highgroup, kennysheep_generic_room_8,
          uniq_grinder
D:4:      layout_basic, nicolae_ru_path_of_blood, minmay_temple_entry_tees,
          kennysheep_small_spiral, uniq_blork_the_orc, uniq_sigmund,
          uniq_duvessa
Temple:   nicolae_temple_bog_church

Skill      XL: |  1  2  3  4  5  6 |
---------------+-------------------+-----
Dodging        | 1 |  1.0
Maces & Flails | 1 2 4 5 6 |  6.9
Fighting       | |  1.2
Armour         | |  2.3
Stealth        | |  1.5
Evocations     | |  3.3

Action                     |  1- 3 |  4- 6 |  7- 9 || total
---------------------------+-------+-------+-------++-------
  Melee: Club              |   147 |    78 |    36 ||   261
         Punch             |     2 |     1 |       ||     3
  Evoke: Wand              |       |     2 |     1 ||     3
    Use: Potion            |       |     4 |       ||     4
 Armour: Leather armour    |    15 |       |       ||    15
         Scale mail        |    62 |    42 |    16 ||   120
         Skin              |       |     7 |       ||     7
  Dodge: Dodged            |    91 |    40 |    20 ||   151

Table legend: (Time is in decaauts)
 A = Elapsed time spent in this place.
 B = Non-inter-level travel time spent in this place.
 C = Inter-level travel time spent in this place.
 D = Time resting spent in this place.
 E = Time spent auto-exploring this place.
 F = Levels seen in this place.
 G = Mean time per level.
                   A        B        C        D        E       F      G
               +--------+--------+--------+--------+--------+-----+--------+
         Total |   2557 |   2505 |     52 |      0 |   1880 |   5 |  511.4 |
       Dungeon |   2551 |   2499 |     52 |      0 |   1880 |   4 |  637.8 |
        Temple |      5 |      5 |      0 |      0 |      0 |   1 |    5.0 |
               +--------+--------+--------+--------+--------+-----+--------+

Top non-repeatable levels by time:
     D:3: 993 daAuts
     D:1: 726 daAuts
     D:2: 546 daAuts
     D:4: 285 daAuts
  Temple: 5 daAuts
